 Dungeon Crawl Stone Soup version 0.21.1-1-g345015f (webtiles) character file.

896 johnjohn the Cleaver (level 8, -1/73 HPs)
             Began as a Hill Orc Fighter on May 26, 2018.
             Slain by an orc
             ... wielding a +0 trident
              (4 damage)
             ... on level 4 of the Dungeon.
             The game lasted 00:15:30 (4136 turns).

johnjohn the Cleaver (Hill Orc Fighter)             Turns: 4136, Time: 00:15:31

Health: -1/73      AC: 11    Str: 19    XL:     8   Next: 7%
Magic:  8/8        EV:  5    Int:  8    God:
Gold:   238        SH:  9    Dex: 12    Spells: 7/7 levels left

rFire    + . .     SeeInvis .   a - +0 war axe
rCold    . . .     Gourm    .   c - +0 shield
rNeg     . . .     Faith    .   p - +0 chain mail
rPois    .         Spirit   .   o - +0 helmet
rElec    .         Reflect  .   (no cloak)
rCorr    .         Harm     .   k - +0 pair of gloves
MR       .....                  (no boots)
Stlth    ..........             (no amulet)
HPRegen  0.22/turn              (no ring)
MPRegen  0.11/turn              h - ring of protection from fire

@: lethally poisoned (-1 -> -12)
A: no striking features
a: Convert to Beogh


You were on level 4 of the Dungeon.
You were not hungry.

You visited 1 branch of the dungeon, and saw 5 of its levels.

You collected 238 gold pieces.

Inventory:

Hand Weapons
 a - a +0 war axe (weapon)
 q - a +0 war axe
Armour
 b - a +0 scale mail
 c - a +0 shield (worn)
 k - a +0 pair of gloves (worn)
 l - a +1 animal skin
 o - a +0 helmet (worn)
 p - a +0 chain mail (worn)
 r - a +0 scale mail
Jewellery
 h - a ring of protection from fire (right hand)
Scrolls
 i - 2 scrolls of amnesia
 n - a scroll of teleportation {unknown}
 s - a scroll of enchant armour {unknown}
 t - a scroll of enchant weapon {unknown}
Potions
 d - 2 potions of might
 g - a potion of mutation
 j - a potion of magic
 m - 2 potions of brilliance
 u - a potion of invisibility {unknown}
Comestibles
 f - 7 rations


   Skills:
 + Level 7.1 Fighting
 * Level 9.7 Axes
 - Level 3.4 Armour
 - Level 3.3 Shields


You had 7 spell levels left.
You didn't know any spells.

Dungeon Overview and Level Annotations

Branches:
Dungeon (5/15)
 Temple: D:4-7

Altars:


Message History

You feel sick.
The orc wizard hits you but does no damage. x2
You block the orc's attack.
As you read the scroll of identify, it crumbles to dust.
g - a potion of mutation
* * * LOW HITPOINT WARNING * * *
You feel sick. The orc wizard casts a spell at you. The puff of frost hits you!
You block the orc's attack. The orc closely misses you.
As you read the scroll of identify, it crumbles to dust.
j - a potion of magic
* * * LOW HITPOINT WARNING * * *
You feel sick.
The orc wizard hits you but does no damage. x2
The worker ant bites you.
* * * LOW HITPOINT WARNING * * *
You block the orc's attack.
The orc hits you from afar with a trident.
You die...

####
#####################...
......................#.
....o.o)....########....
....o.o@.....# #.###
.....Saoo....#######.#
.....o.......#.......#
.....o..............##
...o........[....#..##
..?..................#
....!..........#.#.###
s.....>......###.#.#
.... #.#.#


You could see a worker ant, an orc priest, an orc wizard, 7 orcs, a giant
cockroach (wandering) and a ball python.

Vanquished Creatures
  The ghost of Rekenzichi the Digger, an amateur KoEE (D:4)
  A centaur (D:5)
  2 big kobolds (D:3)
  A scorpion (D:4)
  2 orc priests (D:4)
  A bullfrog skeleton (D:4)
  A hound (D:4)
  An iguana (D:4)
  Jessica (D:2)
  2 orc wizards (D:3)
  2 worker ants (D:4)
  A hound skeleton (D:4)
  Robin (D:2)
  5 adders
  9 gnolls
  An ooze (D:4)
  A dart slug (D:1)
  4 leopard geckos
  7 orcs
  A giant cockroach (D:2)
  14 goblins
  15 hobgoblins
  4 jackals (D:4)
  A quokka (D:2)
  A ball python (D:3)
  7 bats
  2 frilled lizards (D:2)
  16 kobolds
  A leopard gecko skeleton (D:4)
  6 rats
112 creatures vanquished.

Notes
Turn   | Place    | Note
-------+----------+-------------------------------------------
     0 | D:1      | johnjohn the Hill Orc Fighter began the quest for the Orb.
     0 | D:1      | Reached XP level 1. HP: 19/19 MP: 1/1
   649 | D:1      | Reached skill level 3 in Axes
   649 | D:1      | Reached XP level 2. HP: 27/27 MP: 2/2
  1316 | D:2      | Noticed Jessica
  1332 | D:2      | Killed Jessica
  1332 | D:2      | Reached skill level 4 in Axes
  1332 | D:2      | Reached XP level 3. HP: 4/33 MP: 3/3
  1685 | D:2      | Reached XP level 4. HP: 41/41 MP: 4/4
  1941 | D:2      | Noticed Robin
  1963 | D:2      | Killed Robin
  1963 | D:2      | Reached skill level 5 in Axes
  2650 | D:3      | Reached XP level 5. HP: 43/47 MP: 5/5
  2752 | D:3      | Reached skill level 5 in Fighting
  2752 | D:3      | Reached skill level 6 in Axes
  3255 | D:3      | Noticed a big kobold
  3257 | D:3      | Noticed a big kobold
  3267 | D:3      | Killed a big kobold
  3267 | D:3      | Reached XP level 6. HP: 48/56 MP: 6/6
  3270 | D:3      | Reached skill level 7 in Axes
  3426 | D:4      | Reached XP level 7. HP: 16/63 MP: 7/7
  3495 | D:4      | Noticed Rekenzichi's ghost (amateur KoEE)
  3502 | D:5      | Entered Level 5 of the Dungeon
  3513 | D:5      | Reached skill level 8 in Axes
  3797 | D:4      | Killed Rekenzichi's ghost
  3889 | D:4      | Reached skill level 9 in Axes
  4128 | D:4      | Reached XP level 8. HP: 51/73 MP: 8/8
  4136 | D:4      | HP: 3/73 [worker ant (5)]
  4136 | D:4      | Slain by an orc

Skill      XL: |  1  2  3  4  5  6  7 |
---------------+----------------------+-----
Axes           | 3 4 5 6 7 9 |  9.7
Fighting       | 4 5 6 7 |  7.1
Armour         | |  3.4
Shields        | |  3.3

Action                   |  1- 3 |  4- 6 |  7- 9 || total
-------------------------+-------+-------+-------++-------
Melee: War axe           |    74 |   185 |    93 ||   352
  Use: Scroll            |     1 |     2 |     3 ||     6
  Eat: Chunk             |     1 |     7 |     3 ||    11
Armor: Scale mail        |    30 |    99 |       ||   129
       Chain mail        |       |    20 |    55 ||    75
Dodge: Dodged            |    28 |    77 |    15 ||   120
Block: Shield            |    32 |   136 |    52 ||   220
